 Dungeon Crawl Stone Soup version 0.29.0-13-gc9e81de378 (webtiles) character file.

Game seed: 12212391764708371755

396884 Bartlander the Hawkeye (level 22, -3/181 HPs)
             Began as a Gnoll Cinder Acolyte on Sept 9, 2022.
             Was the Champion of Jiyva.
             Killed by a resonance strike
             ... invoked by Zenata
              (25 damage)
             ... on level 1 of the Vaults on Sept 10, 2022.
             The game lasted 05:17:48 (64117 turns).

Bartlander the Hawkeye (Gnoll Cinder Acolyte)      Turns: 64117, Time: 05:17:48

Health: -3/181     AC: 25    Str: 22    XL:     22   Next: 86%
Magic:  42/51      EV: 19    Int: 26    God:    Jiyva [******]
Gold:   939        SH: 13    Dex: 10    Spells: 15/53 levels left

rFire   + . .      SeeInvis .   a - +9 demon whip (elec)
rCold   + . .      Faith    +   T - +0 kite shield
rNeg    + + +      Spirit   .   O - +7 ring mail "Luotich" {rC+ Will+++ Str+3 Dex+3}
rPois   +          Reflect  .   j - +2 helmet
rElec   +          Harm     .   y - +1 cloak of Starlight {*Dazzle EV+4 Stlth--}
rCorr   +          Rampage  .   (gloves unavailable)
Will    ++++.      Clarity  +   n - +2 pair of boots
Stlth   +++++.....              Q - amulet of the Pariah {Faith rPois rN++ Str+3 Dex-5}
HPRegen 2.00/turn               w - ring of the Curious Eyes {*Slow Fly rElec rN+ MP+9}
MPRegen 0.82/turn               m - ring of protection from fire

@: swift, flying, studying 2 skills, invisible, quick
A: fangs 1, strong nose, distributed training, claws 3, talons 1, thin skeletal
structure 1, agile 1, clarity, clever 2, mutation resistance 1, eyeballs 1,
translucent skin 2, MP-powered wands, noise suppression
}: 3/15 runes: serpentine, barnacled, slimy
a: Renounce Religion, Oozemancy, Slimify


You were on level 1 of the Vaults.
You worshipped Jiyva.
Jiyva was exalted by your worship.
You visited 10 branches of the dungeon, and saw 43 of its levels.
You visited the Abyss 1 time.
You visited 1 bazaar.
You also visited: Ossuary, Gauntlet and Ice Cave.

You collected 3926 gold pieces.
You spent 2987 gold pieces at shops.

Inventory:

Hand Weapons
 a - a +9 demon whip of electrocution (weapon)
 b - a +2 broad axe of electrocution
Missiles
 v - 9 silver javelins (quivered)
 x - 5 throwing nets
Armour
 j - a +2 helmet (worn)
 n - a +2 pair of boots (worn)
 q - the +1 pair of gloves "Gun Waub" {Dex+3 SInv Stlth+}
   (You acquired it on level 4 of the Lair of Beasts)

   Dex:       It affects your dexterity (+3).
   SInv:      It lets you see invisible.
   Stlth:     It makes you more stealthy.
 y - the +1 cloak of Starlight (worn) {*Dazzle EV+4 Stlth--}
   (You acquired it in an ossuary)

   It may blind those who miss an attack against the wearer in melee combat.
   EV:        It affects your evasion (+4).
   Stlth:     It makes you much less stealthy.
 O - the +7 ring mail "Luotich" (worn) {rC+ Will+++ Str+3 Dex+3}
   (You found it on level 2 of the Snake Pit)

   Str:       It affects your strength (+3).
   Dex:       It affects your dexterity (+3).
   rC:        It protects you from cold.
   Will:      It greatly increases your willpower.
 S - +0 gold dragon scales
 T - a +0 kite shield (worn)
Jewellery
 g - a ring of magical power
 m - a ring of protection from fire (right claw)
 t - an amulet of reflection
 w - the ring of the Curious Eyes (left claw) {*Slow Fly rElec rN+ MP+9}
   (You found it on level 14 of the Dungeon)

   [ring of positive energy]

   rElec:     It insulates you from electricity.
   rN:        It protects you from negative energy.
   MP:        It affects your magic capacity (+9).
   Fly:       It grants you flight.
   *Slow:     It may slow you when you take damage.
 L - a +6 ring of strength
 N - a ring of willpower
 Q - the amulet of the Pariah (around neck) {Faith rPois rN++ Str+3 Dex-5}
   (You bought it in a shop on level 2 of the Orcish Mines)

   [amulet of faith]

   It allows you to gain divine favour quickly.
   Str:       It affects your strength (+3).
   Dex:       It affects your dexterity (-5).
   rPois:     It protects you from poison.
   rN:        It greatly protects you from negative energy.
 W - the amulet "Covityw" {Faith rC+ Dex+2}
   (You took it off a naga on level 1 of the Snake Pit)

   [amulet of faith]

   It allows you to gain divine favour quickly.
   Dex:       It affects your dexterity (+2).
   rC:        It protects you from cold.
Wands
 d - a wand of paralysis (5)
 G - a wand of flame (12)
 R - a wand of quicksilver (14)
 U - a wand of digging (5)
 V - a wand of polymorph (4)
 X - a wand of iceblast (9)
Scrolls
 f - 2 scrolls of poison
 l - 11 scrolls of teleportation
 s - 3 scrolls of butterflies
 u - 5 scrolls of identify
 z - 7 scrolls of immolation
 A - 4 scrolls of magic mapping
 B - 6 scrolls of blinking
 H - a scroll of enchant weapon
 J - a scroll of amnesia
 K - a scroll of enchant armour
 P - 2 scrolls of fear
Potions
 c - 2 potions of resistance
 e - 17 potions of curing
 h - 4 potions of ambrosia
 i - a potion of heal wounds
 k - a potion of might
 o - 4 potions of mutation
 p - 4 potions of invisibility
 C - 9 potions of brilliance
 E - 2 potions of magic
 I - 8 potions of flight
 Z - 3 potions of berserk rage
Miscellaneous
 r - a box of beasts
 F - a tin of tremorstones (2/2)
 M - a phantom mirror
 Y - a condenser vane


   Skills:
 + Level 17.0 Fighting
 + Level 15.8 Short Blades
 + Level 15.8 Long Blades
 + Level 20.8 Axes
 + Level 15.8 Maces & Flails
 + Level 15.8 Polearms
 + Level 15.8 Staves
 + Level 15.8 Ranged Weapons
 + Level 21.4 Throwing
 + Level 15.8 Armour
 + Level 15.8 Dodging
 + Level 15.8 Stealth
 + Level 15.8 Shields
 + Level 15.8 Unarmed Combat
 + Level 16.0 Spellcasting
 + Level 13.4 Conjurations
 + Level 13.4 Hexes
 + Level 13.4 Summonings
 + Level 13.4 Necromancy
 + Level 13.4 Translocations
 + Level 13.4 Transmutations
 + Level 14.4 Fire Magic
 + Level 13.4 Ice Magic
 + Level 13.4 Air Magic
 + Level 13.4 Earth Magic
 + Level 13.4 Poison Magic
 + Level 17.1 Invocations
 + Level 15.8 Evocations


You had 15 spell levels left.
You knew the following spells:

 Your Spells              Type           Power      Damage    Failure   Level
a - Scorch                Fire           100%       2d10      1%          2
b - Passwall              Tmut/Erth      61%        N/A       1%          2
c - Stone Arrow           Conj/Erth      100%       3d13      1%          3
d - Tukima's Dance        Hex            74%        N/A       1%          3
e - Blink                 Tloc           100%       N/A       1%          2
f - Swiftness             Air            74%        N/A       1%          3
g - Corpse Rot            Necr/Pois/Air  74%        N/A       1%          4
h - Death Channel         Necr           37%        N/A       3%          6
i - Lesser Beckoning      Tloc           74%        N/A       1%          3
j - Borgnjor's Vile Clut  Necr/Erth      37%        N/A       1%          5
k - Freezing Cloud        Conj/Ice/Air   37%        6-21      1%          5

Your spell library contained the following spells:

 Spells                   Type           Power      Damage    Failure   Level
 Magic Dart               Conj           100%       1d8       1%          1
 Sandblast                Erth           100%       2d20      1%          1
 Call Imp                 Summ           74%        N/A       1%          2
 Ensorcelled Hibernation  Hex/Ice        100%       N/A       1%          2
 Searing Ray              Conj           100%       2d8       1%          2
 Conjure Flame            Conj/Fire      76%        6-21      1%          3
 Frozen Ramparts          Ice            100%       1d16      1%          3
 Gell's Gravitas          Tloc           74%        N/A       1%          3
 Mephitic Cloud           Conj/Pois/Air  74%        N/A       1%          3
 Portal Projectile        Hex/Tloc       100%       N/A       1%          3
 Teleport Other           Tloc           74%        N/A       1%          3
 Dispel Undead            Necr           74%        3d25      1%          4
 Fulminant Prism          Conj/Hex       37%        3d18      1%          4
 Ice Form                 Ice/Tmut       74%        N/A       1%          4
 Leda's Liquefaction      Hex/Erth       37%        N/A       1%          4
 Passage of Golubria      Tloc           74%        N/A       1%          4
 Summon Ice Beast         Ice/Summ       74%        N/A       1%          4
 Blade Hands              Tmut           37%        N/A       1%          5
 Lee's Rapid Deconstruct  Erth           37%        3d19*     1%          5
 Manifold Assault         Tloc           74%        N/A       1%          5
 Yara's Violent Unravell  Hex/Tmut       37%        3d15      1%          5
 Conjure Ball Lightning   Conj/Air       37%        3x3d12    3%          6
 Dispersal                Tloc           37%        N/A       3%          6
 Statue Form              Tmut/Erth      49%        N/A       3%          6
 Malign Gateway           Summ/Tloc      37%        N/A       19%         7
 Discord                  Hex            37%        N/A       83%         8
 Disjunction              Tloc           37%        N/A       83%         8
 Summon Horrible Things   Summ           37%        N/A       83%         8


Dungeon Overview and Level Annotations

Branches:
Dungeon (15/15)            Temple (1/1) D:7            Lair (5/5) D:10
 Shoals (4/4) Lair:3        Snake (4/4) Lair:2        Slime (5/5) Lair:5
    Orc (2/2) D:10            Elf (2/3) Orc:2        Vaults (1/5) D:13
 Depths (4/4) D:15            Zot (0/5) Depths:4    Ossuary (visited)
  IceCv (visited)         Gauntlet (visited)

Altars:
Ashenzari
Fedhas
Gozag
Hepliaklqana
Kikubaaqudgha
Makhleb
Nemelex Xobeh
Okawaru
Qazlal
Ru
Sif Muna
Trog
Vehumet
Wu Jian
Xom
Yredelemnul
Zin
Jiyva

Shops:
D:12 *   D:15 *   Orc:2 [!=?   Elf:1 (   Shoals:2 *   Snake:3 (   Depths:1 :=*:
Depths:3 :=:

Portals:
Hell: Depths:1 Depths:2 Depths:3 Depths:4
Abyss: Depths:1 Depths:3
Pandemonium: Orc:2 Depths:2
Ziggurat: Depths:4

Annotations:
D:9 exclusion: downstairs
D:12 exclusion: downstairs
Shoals:2 3 runed translucent doors, exclusion: obsidian statue, hofbold's ghost, adept FoAK
Shoals:3 1 runed translucent door, Tomuh's ghost, adept DrMo
Snake:1 1 runed translucent door
Slime:5 Royal Jelly
Elf:1 2 transporters, Roxanne; SnailSD's ghost, journeyman MiBe
Elf:2 3 runed translucent doors
Vaults:1 2 transporters, Zenata; casual's ghost, veteran MiMo


Innate Abilities, Weirdness & Mutations

You have very sharp teeth.
Your uncanny sense of smell can sniff out nearby items.
Your experience applies equally to all skills.
You have claws for hands.
You have sharp toenails.
You have a somewhat thin skeletal structure. (Dex +2, Stealth+)
You are agile. (Dex +4, Str/Int -1)
You possess an exceptional clarity of mind.
Your mind is very acute. (Int +8, Str/Dex -2)
You are somewhat resistant to further mutation.
Your body has grown eyes which may confuse attackers. (Acc +3)
Your translucent skin reduces your foes' accuracy. (Stealth+)
You expend magic power (3 MP) to strengthen your wands.
You passively dampen the noise of your surroundings.


Message History

Press: ? - help, v - describe, . - travel
Here: Zenata, wielding a +2 triple sword and wearing a +0 leather armour (almost dead)
The floor.
You fade into invisibility!
You resist.
* * * LOW HITPOINT WARNING * * *
You block the +1 glaive of protection's attack.
The +3 long sword of freezing is engulfed in freezing vapours.
You block the +3 long sword of freezing's attack.
The +1 halberd of protection barely misses you.
The +1 glaive of protection hits you but does no damage.
The +3 long sword of freezing hits you!
* * * LOW HITPOINT WARNING * * *
The +3 long sword of freezing freezes you.
* * * LOW HITPOINT WARNING * * *
The +1 halberd of protection is engulfed in freezing vapours.
The +1 glaive of protection is engulfed in freezing vapours.
The +3 long sword of freezing is engulfed in freezing vapours.
Casting: Blink (safe; 1% risk of failure)
Confirm with . or Enter, or press ? or * to list all spells.
You feel quick.
The +3 long sword of freezing is engulfed in freezing vapours.
The +1 halberd of protection barely misses you.
The +3 long sword of freezing is engulfed in freezing vapours.
The +1 halberd of protection misses you.
The +3 long sword of freezing is engulfed in freezing vapours.
You hear a distant slurping noise.
The +1 halberd of protection is engulfed in freezing vapours.
The +3 long sword of freezing misses you.
The +1 halberd of protection is engulfed in freezing vapours.
The +3 long sword of freezing closely misses you.
The +3 long sword of freezing misses you.
The +3 long sword of freezing barely misses you.
The +3 long sword of freezing misses you.
Casting: Swiftness (safe; 1% risk of failure)
Confirm with . or Enter, or press ? or * to list all spells.
You blink.
Zenata gestures at you while chanting.
A blast of power from the earth and the +3 long sword of freezing strikes you!
You die...

,**,#.,,**** #.#######.#
**,,#.###### #.#.....#.#
*,,,#......# #.........#
,,,,#......# ####...####
,,,,#......#########(############
****#......#§....................
#.............§.a............
#......#...(...○.............
######'###....@○.§.............
#......# #.....................
#......# #.....######.#########
#......# #.....# #......#
#......# #.....# #......#
#......# #.....# #......#
#......# #.....# #......#
#######.####.....# #......#
...#..#....#.....# #......#


You could see Zenata (unable to see you) and 2 dancing weapons.

Vanquished Creatures
  2 juggernauts (Depths:2)
  A caustic shrike (Depths:2)
  2 golden dragons
  Jorgrun (Shoals:1)
  A walking earthen tome (Depths:2)
  6 liches
  4 tentacled monstrosities
  A quicksilver dragon (Depths:2)
  A titan (Shoals:4)
  2 sphinxes (Depths:2)
  2 shadow dragons (Depths:2)
  Donald (Snake:2)
  3 storm dragons
  6 tengu reavers
  10 fire giants
  A nagaraja (Snake:4)
  8 frost giants
  An iron dragon (Depths:3)
  A deep elf sorcerer (Elf:1)
  Aizul (Depths:1)
  2 vault wardens (Vaults:1)
  A deep elf elementalist (Depths:2)
  2 spriggan defenders
  2 orc warlords (Orc:2)
  A draconian annihilator (Depths:4)
  5 ironbound preservers
  2 vampire knights (Depths:3)
  A war gargoyle (Vaults:1)
  28 very ugly things
  10 stone giants
  2 green draconians (Depths:4)
  2 entropy weavers (Vaults:1)
  2 pale draconians (Depths:4)
  4 spark wasps
  4 dire elephants (Vaults:1)
  2 black draconians (Depths:4)
  A minotaur (Gauntlet)
  A crystal guardian (Vaults:1)
  9 ettins
  2 red draconians (Depths:4)
  16 fire dragons
  10 merfolk impalers
  Josephine (D:14)
  2 yaktaur captains (Vaults:1)
  8 merfolk javelineers
  A peacekeeper (Vaults:1)
  4 salamander tyrants
  2 rakshasas (Depths:3)
  A deep elf high priest (Depths:2)
  3 vault guards (Vaults:1)
  4 ice dragons
  5 caustic shrike simulacra (IceCv)
  Fannar (D:11)
  4 spriggan air magi
  11 hydras
  A boulder beetle (Vaults:1)
  2 ironbound frosthearts (Vaults:1)
  2 alligator snapping turtles
  3 merfolk avatars
  8 catoblepae
  8 centaur warriors
  An ogre mage (D:15)
  A demonspawn (Orc:2)
  2 merfolk aquamancers
  5 two-headed ogres
  10 naga warriors
  3 alligators (Snake:3)
  9 anacondas
  12 death yaks
  4 satyrs
  5 deep troll shamans
  4 tengu warriors
  18 naga sharpshooters
  A hell hog (Depths:4)
  4 deep troll earth magi
  10 dancing weapons
  A soul eater (Depths:4)
  A vampire mage (Depths:1)
  3 orc high priests
  7 shock serpents
  4 spriggan berserkers
  25 hell knights
  8 deep elf knights
  5 iron trolls
  3 salamander mystics (Snake:4)
  A fire crab (Lair:4)
  A goliath frog (Snake:3)
  3 sixfirhies
  5 skeletal warriors (D:14)
  A bog body (IceCv)
  20 deep trolls
  A spriggan simulacrum (IceCv)
  3 flayed ghosts
  9 sea snakes
  7 naga ritualists
  4 deep elf archers (Elf:1)
  4 swamp dragons
  2 obsidian statues (IceCv)
  12 harpies
  A harpy (shapeshifter) (Depths:4)
  11 orc knights
  5 necromancers
  14 mana vipers
  15 deep elf zephyrmancers
  10 lindwurms
  4 wizards
  Pikel (D:9)
  16 deep elf pyromancers
  11 orc sorcerers
  23 manticores
  8 cyclopes
  A cyclops (shapeshifter) (D:14)
  9 fauns
  26 salamanders
  28 ugly things
  12 elephants
  42 black mambas
  4 merfolk sirens
  9 guardian serpents
  A smoke demon (Depths:4)
  A centaur zombie (D:15)
  2 vault sentinels (Vaults:1)
  Joseph (D:7)
  13 naga magi
  An ice statue (Gauntlet)
  12 cane toads
  3 gargoyles
  11 water nymphs
  3 torpor snails
  A centaur skeleton (D:15)
  7 yaktaurs
  14 komodo dragons
  A cane toad (shapeshifter) (D:15)
  An ice devil (IceCv)
  2 unseen horrors (D:13)
  2 efreet
  6 rime drakes
  A redback zombie (D:15)
  5 freezing wraiths (IceCv)
  7 tengu conjurers
  4 golden dragon simulacra (IceCv)
  2 hellwings (Orc:2)
  22 merfolk
  7 meliai
  13 wind drakes
  A wind drake (shapeshifter) (D:14)
  3 polar bears (D:15)
  A tarantella (Vaults:1)
  12 trolls
  A wolf spider simulacrum (D:15)
  A harpy skeleton (D:15)
  19 blink frogs
  6 hornets
  Prince Ribbit (D:5)
  A blink frog (shapeshifter) (D:15)
  Grinder (D:6)
  A raiju (shapeshifter) (Elf:1)
  16 dream sheep
  7 snapping turtles
  3 spriggans (Depths:3)
  5 shadows
  8 air elementals
  4 wyverns
  33 water elementals
  3 centaur simulacra (D:15)
  A ynoxinul (Orc:2)
  45 yaks
  5 wraiths
  A hog (shapeshifter) (D:15)
  15 fire elementals
  4 basilisks
  3 fire bats (Lair:3)
  4 steam dragons
  4 redbacks (Vaults:1)
  7 vampire mosquitoes
  Menkaure (D:6)
  4 swamp worms (Snake:3)
  Edmund (D:6)
  34 nagas
  An acid dragon (shapeshifter) (Elf:2)
  2 wargs (Orc:2)
  A harpy simulacrum (D:15)
  An acid dragon (D:12)
  A hydra simulacrum (IceCv)
  7 water moccasins
  2 swamp drakes (Snake:3)
  41 orc warriors
  2 sky beasts
  2 black bears
  An alligator simulacrum (IceCv)
  2 ettin simulacra (IceCv)
  5 ice beasts
  8 wolves
  8 ogres
  5 boggarts (D:15)
  11 centaurs
  4 lemures (D:9)
  4 phantoms
  4 elf zombies (Ossuary)
  A kobold brigand (D:9)
  3 gnoll sergeants
  13 bullfrogs
  4 necrophages
  A deep troll simulacrum (IceCv)
  4 scorpions
  An earth elemental (Elf:1)
  7 wights (D:7)
  7 jellies
  3 troll zombies (D:10)
  27 killer bees
  7 howler monkeys
  An electric eel (D:15)
  7 hounds
  28 orc priests
  A human zombie (Ossuary)
  6 iguanas
  A gnoll bouda (D:6)
  Terence (D:3)
  16 orc wizards
  5 ogre zombies (D:10)
  3 hound zombies (Ossuary)
  3 mummies (Ossuary)
  5 adders
  17 gnolls
  A shadow imp (D:6)
  2 white imps
  7 ufetubi
  An adder zombie (Ossuary)
  3 worms
  A dart slug (D:1)
  80 orcs
  13 ball pythons
  9 bats
  9 endoplasms
  3 giant cockroaches
  8 hobgoblins
  10 jackals
  12 kobolds
  5 quokkas
  3 frilled lizards
  13 goblins
  2 goblin skeletons (D:10)
  7 goblin zombies
  A hobgoblin skeleton (D:10)
  7 hobgoblin zombies
  6 jackal zombies
  3 kobold zombies (Ossuary)
  An orc skeleton (D:10)
  15 orc zombies
  2 quokka zombies (Ossuary)
  4 rats
  4 rat zombies (Ossuary)
1619 creatures vanquished.

Vanquished Creatures (collateral kills)
  A draconian knight (Depths:4)
  A naga warrior (Snake:2)
  A wizard (D:14)
  2 fauns (Shoals:3)
  A cyclops (Shoals:2)
6 creatures vanquished.

Vanquished Creatures (others)
  2 entropy weavers (shapeshifter) (Elf:1)
  A great orb of eyes (Vaults:1)
  2 ice dragons
  An ironbound frostheart (Vaults:1)
  A tengu warrior (Depths:2)
  4 glowing orange brains
  2 deep trolls (Vaults:1)
  An ironbound convoker (Vaults:1)
  A cyclops (D:13)
  A moth of wrath (shapeshifter) (Depths:3)
  2 moths of wrath (Elf:1)
  A vault sentinel (Vaults:1)
  A tengu conjurer (Depths:3)
  A merfolk (shapeshifter) (Depths:2)
  A queen bee (shapeshifter) (Elf:1)
  A troll (D:13)
  A dream sheep (shapeshifter) (Elf:1)
  A tyrant leech (shapeshifter) (Elf:1)
  9 slime creatures
  A jumping spider (shapeshifter) (Elf:1)
  A dancing weapon (Snake:1)
  A yak (shapeshifter) (Elf:1)
  A steam dragon (Depths:4)
  A naga (Snake:1)
  A swamp worm (shapeshifter) (Depths:2)
  A floating eye (shapeshifter) (Elf:1)
  A centaur (shapeshifter) (Depths:2)
  207 jellies
  3 training dummies (Elf:1)
  A bush (Lair:4)
  14 demonic plants (Gauntlet)
  46 foxfires
  11 fungi
  156 plants
480 creatures vanquished.

Grand Total: 2105 creatures vanquished

Notes
Turn   | Place    | Note
-------+----------+-------------------------------------------
     0 | D:1      | Bartlander the Gnoll Cinder Acolyte began the quest for the
                  | Orb.
     0 | D:1      | Reached XP level 1. HP: 23/23 MP: 4/4
   128 | D:1      | Reached XP level 2. HP: 25/29 MP: 5/5
   484 | D:1      | Reached XP level 3. HP: 32/35 MP: 7/7
   504 | D:1      | Found a faded altar of an unknown god.
   980 | D:1      | Reached skill level 1 in Invocations
  1425 | D:2      | Reached skill level 1 in Short Blades
  1425 | D:2      | Reached skill level 1 in Long Blades
  1425 | D:2      | Reached skill level 1 in Maces & Flails
  1425 | D:2      | Reached skill level 1 in Polearms
  1425 | D:2      | Reached skill level 1 in Staves
  1425 | D:2      | Reached skill level 1 in Ranged Weapons
  1425 | D:2      | Reached skill level 1 in Throwing
  1425 | D:2      | Reached skill level 1 in Armour
  1425 | D:2      | Reached skill level 1 in Dodging
  1425 | D:2      | Reached skill level 1 in Stealth
  1425 | D:2      | Reached skill level 1 in Shields
  1425 | D:2      | Reached skill level 1 in Unarmed Combat
  1425 | D:2      | Reached skill level 1 in Evocations
  1491 | D:2      | Reached XP level 4. HP: 23/41 MP: 8/8
  1661 | D:2      | Learned a level 2 spell: Scorch
  1991 | D:2      | Found a sparkling altar of Nemelex Xobeh.
  2795 | D:3      | Reached skill level 1 in Conjurations
  2795 | D:3      | Reached skill level 1 in Hexes
  2795 | D:3      | Reached skill level 1 in Summonings
  2795 | D:3      | Reached skill level 1 in Necromancy
  2795 | D:3      | Reached skill level 1 in Translocations
  2795 | D:3      | Reached skill level 1 in Transmutations
  2795 | D:3      | Reached skill level 1 in Ice Magic
  2795 | D:3      | Reached skill level 1 in Air Magic
  2795 | D:3      | Reached skill level 1 in Earth Magic
  2795 | D:3      | Reached skill level 1 in Poison Magic
  3598 | D:3      | Noticed Terence
  3609 | D:3      | Killed Terence
  3610 | D:3      | Reached XP level 5. HP: 35/47 MP: 9/9
  4394 | D:4      | Reached skill level 2 in Throwing
  4394 | D:4      | Reached XP level 6. HP: 53/53 MP: 8/11
  5418 | D:4      | Reached XP level 7. HP: 59/59 MP: 12/12
  5685 | D:5      | Entered Level 5 of the Dungeon
  5789 | D:5      | Found a sand-covered staircase.
  5805 | Ossuary  | Entered an ossuary
  6595 | Ossuary  | Reached skill level 3 in Throwing
  6595 | Ossuary  | Reached XP level 8. HP: 35/67 MP: 14/14
  6872 | Ossuary  | Identified a scroll of acquirement
  6872 | Ossuary  | Acquired the +1 cloak of Starlight {*Dazzle EV+4 Stlth--}
  6872 | Ossuary  | Found the +1 cloak of Starlight {*Dazzle EV+4 Stlth--}
  7108 | D:5      | Found an ancient bone altar of Kikubaaqudgha.
  7110 | D:5      | Found a sacrificial altar of Ru.
  7111 | D:5      | Found a stormy altar of Qazlal.
  7111 | D:5      | Found an ornate altar of the Wu Jian Council.
  7111 | D:5      | Found a broken altar of Ashenzari.
  7131 | D:5      | Noticed Prince Ribbit
  7137 | D:5      | Killed Prince Ribbit
  7279 | D:5      | Identified the +5 ring mail "Uwnun" {Str+4}
  7300 | D:5      | Learned a level 2 spell: Passwall
  7408 | D:5      | Reached skill level 4 in Throwing
  7528 | D:5      | Reached XP level 9. HP: 61/73 MP: 15/16
  7534 | D:5      | Reached skill level 5 in Spellcasting
  7925 | D:6      | Noticed Edmund
  7940 | D:6      | Killed Edmund
  8033 | D:6      | Noticed Grinder
  8040 | D:6      | Killed Grinder
  8185 | D:6      | Reached skill level 5 in Throwing
  8196 | D:6      | Found a burning altar of Makhleb.
  8350 | D:6      | Reached skill level 5 in Invocations
  8574 | D:6      | Noticed Menkaure
  8587 | D:6      | Killed Menkaure
  9255 | D:7      | Found a staircase to the Ecumenical Temple.
  9283 | D:7      | Reached skill level 5 in Short Blades
  9283 | D:7      | Reached skill level 5 in Long Blades
  9283 | D:7      | Reached skill level 5 in Maces & Flails
  9283 | D:7      | Reached skill level 5 in Polearms
  9283 | D:7      | Reached skill level 5 in Staves
  9283 | D:7      | Reached skill level 5 in Ranged Weapons
  9283 | D:7      | Reached skill level 6 in Throwing
  9283 | D:7      | Reached skill level 5 in Armour
  9283 | D:7      | Reached skill level 5 in Dodging
  9283 | D:7      | Reached skill level 5 in Stealth
  9283 | D:7      | Reached skill level 5 in Shields
  9283 | D:7      | Reached skill level 5 in Unarmed Combat
  9283 | D:7      | Reached skill level 5 in Evocations
  9283 | D:7      | Reached XP level 10. HP: 61/81 MP: 12/18
  9593 | D:7      | Noticed Joseph
 10308 | D:7      | Killed Joseph
 10930 | D:8      | Reached skill level 7 in Throwing
 12089 | D:9      | Noticed Pikel
 12539 | D:9      | Killed Pikel
 12540 | D:9      | Reached skill level 5 in Conjurations
 12540 | D:9      | Reached skill level 5 in Hexes
 12540 | D:9      | Reached skill level 5 in Summonings
 12540 | D:9      | Reached skill level 5 in Necromancy
 12540 | D:9      | Reached skill level 5 in Translocations
 12540 | D:9      | Reached skill level 5 in Transmutations
 12540 | D:9      | Reached skill level 5 in Ice Magic
 12540 | D:9      | Reached skill level 5 in Air Magic
 12540 | D:9      | Reached skill level 5 in Earth Magic
 12540 | D:9      | Reached skill level 5 in Poison Magic
 12540 | D:9      | Reached XP level 11. HP: 88/89 MP: 20/21
 12957 | D:10     | Entered Level 10 of the Dungeon
 13067 | D:10     | Found a staircase to the Lair.
 13141 | D:10     | Noticed a two-headed ogre
 13375 | D:10     | Reached skill level 8 in Throwing
 13941 | D:10     | Found an iron altar of Okawaru.
 13990 | D:10     | Killed a two-headed ogre
 14427 | D:10     | Found a staircase to the Orcish Mines.
 14910 | D:10     | Found a hazy altar of Hepliaklqana.
 15217 | D:11     | Noticed a cyan ugly thing
 15231 | D:11     | Killed a cyan ugly thing
 15450 | D:11     | Noticed a cyclops
 15464 | D:11     | Killed a cyclops
 15538 | D:11     | Noticed Fannar
 15584 | D:11     | Killed Fannar
 16049 | D:11     | Noticed a green ugly thing
 16056 | D:11     | Killed a green ugly thing
 16057 | D:11     | Reached skill level 9 in Throwing
 16701 | D:11     | Learned a level 3 spell: Stone Arrow
 16705 | D:11     | Learned a level 3 spell: Tukima's Dance
 16801 | D:12     | Found Zezxaiq's Evil Emporium.
 16813 | D:12     | Bought a +0 demon whip of freezing for 377 gold pieces
 16838 | D:12     | Noticed a cyclops
 16850 | D:12     | Killed a cyclops
 17697 | D:13     | Noticed a manticore
 17705 | D:13     | Killed a manticore
 17706 | D:13     | Reached XP level 12. HP: 82/97 MP: 17/23
 17867 | D:13     | Noticed a centaur warrior
 18020 | Lair:1   | Entered Level 1 of the Lair of Beasts
 18045 | Lair:1   | Noticed a four-headed hydra
 18056 | Lair:1   | Killed a four-headed hydra
 18859 | Lair:1   | Reached skill level 10 in Fighting
 18859 | Lair:1   | Reached skill level 10 in Axes
 19191 | Lair:1   | Reached skill level 10 in Throwing
 19972 | Lair:2   | Found a staircase to the Snake Pit.
 20320 | Lair:2   | Learned a level 2 spell: Blink
 20324 | Lair:2   | Learned a level 3 spell: Swiftness
 21369 | Lair:3   | Found a staircase to the Shoals.
 21386 | Lair:3   | Found a gate leading to a gauntlet.
 21396 | Gauntlet | Entered a Gauntlet
 21396 | Gauntlet | Found a transporter.
 21396 | Gauntlet | Found a transporter.
 21492 | Gauntlet | Found a transporter.
 21500 | Gauntlet | Noticed a catoblepas
 21502 | Gauntlet | Found a transporter.
 21532 | Gauntlet | Found a transporter.
 21532 | Gauntlet | Found a transporter.
 21535 | Gauntlet | Found a transporter.
 21540 | Gauntlet | Noticed a blizzard demon
 21551 | Gauntlet | Found a transporter.
 21560 | Gauntlet | Found a transporter.
 21799 | Gauntlet | Killed a catoblepas
 21802 | Gauntlet | Reached XP level 13. HP: 45/104 MP: 4/25
 22057 | Gauntlet | Found a transporter.
 22180 | Gauntlet | Found a transporter.
 22189 | Gauntlet | Reached skill level 11 in Throwing
 22566 | Gauntlet | Found a transporter.
 22613 | Gauntlet | Noticed a minotaur
 22637 | Gauntlet | Killed a minotaur
 25384 | Lair:4   | Acquired the +1 pair of gloves "Gun Waub" {Dex+3 SInv
                  | Stlth+}
 25486 | Lair:4   | Identified the +9 quarterstaff of the Fox {pain, Contam rN+
                  | Int+3 Stlth+}
 25509 | Lair:4   | Reached skill level 12 in Throwing
 26090 | Lair:4   | Reached skill level 10 in Invocations
 26090 | Lair:4   | Reached XP level 14. HP: 96/113 MP: 27/27
 27079 | Lair:5   | Entered Level 5 of the Lair of Beasts
 27458 | Lair:5   | Reached skill level 10 in Spellcasting
 27898 | Lair:5   | Found a staircase to the Slime Pits.
 27898 | Lair:5   | Found a viscous altar of Jiyva.
 27949 | Lair:5   | Reached skill level 13 in Throwing
 28694 | Lair:5   | Reached skill level 10 in Fire Magic
 29004 | Lair:5   | Reached skill level 10 in Short Blades
 29004 | Lair:5   | Reached skill level 10 in Long Blades
 29004 | Lair:5   | Reached skill level 10 in Maces & Flails
 29004 | Lair:5   | Reached skill level 10 in Polearms
 29004 | Lair:5   | Reached skill level 10 in Staves
 29004 | Lair:5   | Reached skill level 10 in Ranged Weapons
 29004 | Lair:5   | Reached skill level 10 in Armour
 29004 | Lair:5   | Reached skill level 10 in Dodging
 29004 | Lair:5   | Reached skill level 10 in Stealth
 29004 | Lair:5   | Reached skill level 10 in Shields
 29004 | Lair:5   | Reached skill level 10 in Unarmed Combat
 29004 | Lair:5   | Reached skill level 10 in Evocations
 29241 | Lair:5   | Reached XP level 15. HP: 95/120 MP: 3/29
 29982 | Orc:1    | Entered Level 1 of the Orcish Mines
 30755 | Orc:2    | Entered Level 2 of the Orcish Mines
 31092 | Orc:2    | Noticed an orc warlord
 31579 | Orc:2    | Noticed an orc warlord
 31599 | Orc:2    | Killed an orc warlord
 31730 | Orc:2    | Killed an orc warlord
 32211 | Orc:2    | Found a staircase to the Elven Halls.
 32348 | Orc:2    | Paralysed by an orc sorcerer for 4 turns
 32728 | Orc:2    | Found Vegitymo's Distillery.
 32755 | Orc:2    | Reached skill level 14 in Throwing
 32755 | Orc:2    | Found Ommoteck's Magic Scroll Boutique.
 33172 | Orc:2    | Bought a scroll of teleportation for 39 gold pieces
 33172 | Orc:2    | Bought a scroll of enchant armour for 97 gold pieces
 33172 | Orc:2    | Bought a scroll of blinking for 97 gold pieces
 33172 | Orc:2    | Bought a scroll of teleportation for 39 gold pieces
 34059 | Orc:2    | Paralysed by an orc sorcerer for 3 turns
 34270 | Orc:2    | Found Lemo's Jewellery Shoppe.
 34270 | Orc:2    | Found Fops's Antique Armour Emporium.
 34270 | Orc:2    | Found a one-way gate leading to the halls of Pandemonium.
 34448 | Orc:2    | Bought the amulet of the Pariah {Faith rPois rN++ Str+3
                  | Dex-5} for 920 gold pieces
 34866 | Temple   | Entered the Ecumenical Temple
 35021 | Lair:5   | Fell from the grace of Ignis
 35021 | Lair:5   | Became a worshipper of Jiyva Jadwihyj the Shapeless
 35099 | Snake:1  | Entered Level 1 of the Snake Pit
 35749 | Snake:1  | You fall into a shaft and drop 1 floor!
 35783 | Snake:1  | Reached * piety under Jiyva
 35987 | Snake:1  | Found an opulent altar of Gozag.
 36096 | Snake:1  | Found a runed translucent door.
 36228 | Snake:1  | Identified the amulet "Covityw" {Faith rC+ Dex+2}
 36607 | Snake:2  | Reached XP level 16. HP: 121/129 MP: 14/31
 36713 | Snake:2  | Noticed Donald
 36781 | Snake:2  | Killed Donald
 36854 | Snake:2  | Reached ** piety under Jiyva
 36974 | Snake:2  | You fall into a shaft and drop 1 floor!
 37369 | Snake:2  | Identified the +7 ring mail "Luotich" {rC+ Will+++ Str+3
                  | Dex+3}
 37468 | Snake:2  | Reached skill level 15 in Throwing
 37495 | Snake:2  | Was forgiven by Ignis
 37729 | Snake:2  | Reached *** piety under Jiyva
 38258 | Snake:3  | Found Amuorac's Weapon Shoppe.
 38717 | Snake:3  | Noticed a tentacled monstrosity
 39017 | Snake:3  | Noticed a tentacled monstrosity
 39434 | D:12     | Bought a book of Decay for 442 gold pieces
 39581 | Snake:2  | Learned a level 4 spell: Corpse Rot
 39588 | Snake:2  | Learned a level 6 spell: Death Channel
 39860 | Snake:3  | Killed a tentacled monstrosity
 40289 | Snake:3  | Killed a tentacled monstrosity
 40785 | Shoals:1 | Entered Level 1 of the Shoals
 40785 | Shoals:1 | Gained mutation: You are somewhat resistant to further
                  | mutation. [Jiyva's grace]
 40785 | Shoals:1 | Gained mutation: You are somewhat resistant to both further
                  | mutation and mutation removal. [Jiyva's grace]
 40785 | Shoals:1 | Gained mutation: You are almost entirely resistant to
                  | further mutation and mutation removal. [Jiyva's grace]
 40785 | Shoals:1 | Gained mutation: You have a somewhat thin skeletal
                  | structure. (Dex +2, Stealth+) [Jiyva's grace]
 40852 | Shoals:1 | Noticed Jorgrun
 40951 | Shoals:1 | Reached **** piety under Jiyva
 40997 | Shoals:1 | Reached XP level 17. HP: 72/137 MP: 6/33
 40999 | Shoals:1 | Reached skill level 15 in Axes
 41194 | Orc:2    | Bought a pair of boots for 135 gold pieces
 41782 | Shoals:1 | Learned a level 3 spell: Lesser Beckoning
 41966 | Shoals:1 | Killed Jorgrun
 41967 | Shoals:1 | Reached skill level 10 in Conjurations
 41967 | Shoals:1 | Reached skill level 10 in Hexes
 41967 | Shoals:1 | Reached skill level 10 in Summonings
 41967 | Shoals:1 | Reached skill level 10 in Necromancy
 41967 | Shoals:1 | Reached skill level 10 in Translocations
 41967 | Shoals:1 | Reached skill level 10 in Transmutations
 41967 | Shoals:1 | Reached skill level 10 in Ice Magic
 41967 | Shoals:1 | Reached skill level 10 in Air Magic
 41967 | Shoals:1 | Reached skill level 10 in Earth Magic
 41967 | Shoals:1 | Reached skill level 10 in Poison Magic
 42227 | Shoals:2 | Reached skill level 16 in Throwing
 42290 | Shoals:2 | Found a runed translucent gate.
 42290 | Shoals:2 | Found a runed translucent gate.
 42290 | Shoals:2 | Found a runed translucent gate.
 42292 | Shoals:2 | Found an opulent altar of Gozag.
 42294 | Shoals:2 | Found Gots's Assorted Antiques.
 42297 | Shoals:2 | Noticed hofbold's ghost (adept FoAK)
 42403 | Shoals:2 | Reached ***** piety under Jiyva
 42610 | Shoals:2 | Lost mutation: You are almost entirely resistant to further
                  | mutation and mutation removal. [Jiyva's grace]
 42610 | Shoals:2 | Gained mutation: Your mind is acute. (Int +4, Str/Dex -1)
                  | [Jiyva's grace]
 42610 | Shoals:2 | Gained mutation: Your mind is very acute. (Int +8, Str/Dex
                  | -2) [Jiyva's grace]
 42610 | Shoals:2 | Gained mutation: You are partially covered in iridescent
                  | scales. (AC +2) [Jiyva's grace]
 42610 | Shoals:2 | Gained mutation: You are mostly covered in iridescent
                  | scales. (AC +4) [Jiyva's grace]
 42694 | Shoals:2 | Identified the +0 helmet "Figeedgh" {rElec rN+++ Will-}
 43398 | Shoals:3 | Found a runed translucent door.
 43979 | Shoals:3 | Noticed Tomuh's ghost (adept DrMo)
 44468 | D:13     | Identified the +4 leather armour "Ugiq" {rElec Int+5 Dex-5}
 44668 | D:13     | Found a gate to the Vaults.
 44995 | D:14     | Found a blossoming altar of Fedhas.
 45195 | D:14     | Found a frozen archway.
 45234 | IceCv    | Entered an ice cave
 45489 | IceCv    | Reached ****** piety under Jiyva
 45489 | IceCv    | Gained mutation: You have a pair of small horns on your
                  | head. [Jiyva's grace]
 45489 | IceCv    | Gained mutation: You have a pair of horns on your head.
                  | [Jiyva's grace]
 45489 | IceCv    | Gained mutation: You have a pair of large horns on your
                  | head. [Jiyva's grace]
 45489 | IceCv    | Gained mutation: Your muscles are strong. (Str +4, Int/Dex
                  | -1) [Jiyva's grace]
 45586 | IceCv    | Reached XP level 18. HP: 146/146 MP: 34/34
 45728 | IceCv    | Noticed an Ice Fiend
 46082 | Slime:1  | Entered Level 1 of the Pits of Slime
 46236 | Slime:5  | Entered Level 5 of the Pits of Slime
 46389 | Slime:5  | Noticed the Royal Jelly
 46406 | Slime:5  | Found a viscous altar of Jiyva.
 46411 | Slime:5  | Identified the +7 shortbow of War {flame, rN+}
 46415 | Slime:5  | Got the Reference Book on the Glacial Mountains
 46425 | Slime:5  | Got a slimy rune of Zot
 46427 | Slime:5  | Got the Handbook of Unstable Transposition
 46441 | Slime:5  | Identified the +6 long sword of Dismemberment {vorpal, rF+}
 46446 | Slime:5  | Identified the +3 sling "Quunk" {vorpal, Will+ Stlth+}
 46930 | D:14     | Learned a level 5 spell: Borgnjor's Vile Clutch
 46936 | D:14     | Learned a level 5 spell: Freezing Cloud
 46980 | D:14     | Noticed Josephine
 46985 | D:14     | Killed Josephine
 46990 | D:14     | Reached skill level 17 in Throwing
 47052 | D:14     | Identified the +2 ring mail "Ronaisog" {Rampage rC- SInv
                  | Stlth-}
 47273 | D:14     | Identified the +1 arbalest of Compound Interest {penet,
                  | Contam MP+9 Dex+4}
 47275 | D:14     | Identified the ring of the Curious Eyes {*Slow Fly rElec
                  | rN+ MP+9}
 47301 | D:15     | Entered Level 15 of the Dungeon
 48031 | D:15     | Found Zaculesh's CLEARANCE SALE!.
 48038 | D:15     | Bought a potion of ambrosia for 32 gold pieces
 48108 | D:15     | Lost mutation: You have a pair of large horns on your head.
                  | [Jiyva's grace]
 48108 | D:15     | Gained mutation: You have an increased reservoir of magic.
                  | (+10% MP) [Jiyva's grace]
 48108 | D:15     | Gained mutation: You have a considerably increased
                  | reservoir of magic. (+20% MP) [Jiyva's grace]
 48108 | D:15     | Gained mutation: You have a greatly increased reservoir of
                  | magic. (+30% MP) [Jiyva's grace]
 48108 | D:15     | Gained mutation: You expend magic power (3 MP) to
                  | strengthen your wands. [Jiyva's grace]
 48140 | D:15     | Found a staircase to the Depths.
 48617 | Elf:1    | Entered Level 1 of the Elven Halls
 48800 | Snake:4  | Entered Level 4 of the Snake Pit
 49815 | Snake:4  | Identified the +5 lajatang "Ludasef" {freeze, Contam rElec
                  | Str+7 Stlth+}
 50080 | Snake:4  | Reached XP level 19. HP: 140/153 MP: 40/47
 50133 | Snake:4  | Reached skill level 18 in Throwing
 50221 | Snake:4  | Got a serpentine rune of Zot
 50456 | Shoals:4 | Entered Level 4 of the Shoals
 50875 | Shoals:4 | Paralysed by an air elemental for 1 turns
 50905 | Shoals:4 | Paralysed by an air elemental for 1 turns
 51332 | Shoals:4 | Got a barnacled rune of Zot
 51335 | Shoals:4 | Got the Secrets of the Overcast Pyromaniac
 51390 | Shoals:4 | Paralysed by an air elemental for 1 turns
 51411 | Shoals:4 | Reached skill level 15 in Fighting
 52124 | Orc:2    | Bought a ring of protection from fire for 400 gold pieces
 52542 | Elf:1    | Found Eckal's Firing Range.
 52649 | Elf:1    | Lost mutation: You have a pair of horns on your head.
                  | [Jiyva's grace]
 52649 | Elf:1    | Lost mutation: You have a greatly increased reservoir of
                  | magic. (+30% MP) [Jiyva's grace]
 52649 | Elf:1    | Lost mutation: You have a considerably increased reservoir
                  | of magic. (+20% MP) [Jiyva's grace]
 52649 | Elf:1    | Gained mutation: You passively dampen the noise of your
                  | surroundings. [Jiyva's grace]
 52649 | Elf:1    | Gained mutation: You have a small jelly attached to you
                  | that senses nearby items. [Jiyva's grace]
 52649 | Elf:1    | Gained mutation: You are almost entirely resistant to
                  | further mutation and mutation removal. [Jiyva's grace]
 52649 | Elf:1    | Gained mutation: You have a small jelly attached to you
                  | that may absorb projectiles. [Jiyva's grace]
 52715 | Elf:1    | Found a gateway to a bazaar.
 52727 | Bazaar   | Entered a bazaar
 52727 | Bazaar   | Found Qanek's Antique Weapon Shop.
 52742 | Bazaar   | Found Tuwkusheir's Antique Armour Shop.
 52768 | Bazaar   | Found Xailaf's Distillery.
 52776 | Bazaar   | Bought a potion of magic for 104 gold pieces
 52776 | Bazaar   | Bought a potion of berserk rage for 65 gold pieces
 52776 | Bazaar   | Bought a potion of berserk rage for 65 gold pieces
 52776 | Bazaar   | Bought a potion of might for 52 gold pieces
 52776 | Bazaar   | Bought a potion of curing for 39 gold pieces
 52862 | Elf:1    | Found a transporter.
 52884 | Elf:1    | Found a transporter.
 52888 | Elf:1    | Noticed SnailSD's ghost (journeyman MiBe)
 53096 | Elf:1    | Noticed Roxanne
 53135 | Elf:1    | Reached skill level 15 in Invocations
 53603 | Elf:2    | Identified the +7 scale mail of Orasm {Harm Str+2 Dex+2}
 53920 | Elf:2    | Reached XP level 20. HP: 74/162 MP: 42/42
 54229 | Elf:2    | Lost mutation: You are almost entirely resistant to further
                  | mutation and mutation removal. [Jiyva's grace]
 54229 | Elf:2    | Lost mutation: Your muscles are strong. (Str +4, Int/Dex
                  | -1) [Jiyva's grace]
 54229 | Elf:2    | Lost mutation: You have a small jelly attached to you that
                  | senses nearby items. [Jiyva's grace]
 54229 | Elf:2    | Lost mutation: You have a small jelly attached to you that
                  | may absorb projectiles. [Jiyva's grace]
 54229 | Elf:2    | Gained mutation: You possess an exceptional clarity of
                  | mind. [Jiyva's grace]
 54229 | Elf:2    | Gained mutation: You are agile. (Dex +4, Str/Int -1)
                  | [Jiyva's grace]
 54229 | Elf:2    | Gained mutation: You are very agile. (Dex +8, Str/Int -2)
                  | [Jiyva's grace]
 54229 | Elf:2    | Gained mutation: You have sharp toenails. [Jiyva's grace]
 54229 | Elf:2    | Found a runed translucent gate.
 54229 | Elf:2    | Found a runed translucent gate.
 54343 | Elf:2    | Found a runed translucent gate.
 54348 | Elf:2    | Identified the +8 mace "Vashris" {flame, Drain rElec rC+}
 54777 | Depths:1 | Entered Level 1 of the Depths
 54881 | Depths:1 | Reached skill level 19 in Throwing
 54915 | Depths:1 | Found a one-way gate to the infinite horrors of the Abyss.
 55173 | Depths:1 | Acquired a book of the Earth
 55202 | Depths:1 | Found a sacrificial altar of Ru.
 55227 | Depths:1 | Noticed Aizul
 55239 | Depths:1 | Killed Aizul
 55280 | Depths:1 | Found a gateway to Hell.
 55328 | Depths:1 | Found Nyxeam's General Store.
 55331 | Depths:1 | Found Otwodghuk's Book Shop.
 55331 | Depths:1 | Found Oxabb's Book Boutique.
 55336 | Depths:1 | Bought a scroll of fear for 84 gold pieces
 55336 | Depths:1 | Found Vuigu's Jewellery Boutique.
 55368 | Depths:1 | You are sucked into a shaft and drop 1 floor!
 55543 | Depths:2 | Noticed a caustic shrike
 55698 | Depths:2 | Noticed a juggernaut
 57002 | Depths:2 | Identified the +9 quarterstaff of Tumult {elec, Dex+2 SInv}
 57258 | Depths:2 | Reached XP level 21. HP: 149/170 MP: 43/43
 57347 | Depths:2 | Killed a juggernaut
 57534 | Depths:2 | Noticed a juggernaut
 57550 | Depths:2 | Killed a juggernaut
 57551 | Depths:2 | Reached skill level 15 in Spellcasting
 57744 | Depths:2 | Reached skill level 20 in Throwing
 57768 | Depths:2 | Identified the +0 robe "Latawerch" {Drain rF++ Str+6}
 58230 | Depths:2 | Killed a caustic shrike
 58742 | Depths:3 | Lost mutation: You have a pair of small horns on your head.
                  | [Jiyva's grace]
 58742 | Depths:3 | Lost mutation: You are mostly covered in iridescent scales.
                  | (AC +4) [Jiyva's grace]
 58742 | Depths:3 | Lost mutation: You are very agile. (Dex +8, Str/Int -2)
                  | [Jiyva's grace]
 58742 | Depths:3 | Lost mutation: You have an increased reservoir of magic.
                  | (+10% MP) [Jiyva's grace]
 58742 | Depths:3 | Lost mutation: You are somewhat resistant to both further
                  | mutation and mutation removal. [Jiyva's grace]
 58742 | Depths:3 | Lost mutation: You are somewhat resistant to further
                  | mutation. [Jiyva's grace]
 58742 | Depths:3 | Gained mutation: Your translucent skin slightly reduces
                  | your foes' accuracy. (Stealth+) [Jiyva's grace]
 58742 | Depths:3 | Gained mutation: Your translucent skin reduces your foes'
                  | accuracy. (Stealth+) [Jiyva's grace]
 58742 | Depths:3 | Gained mutation: Your transparent skin significantly
                  | reduces your foes' accuracy. (Stealth+) [Jiyva's grace]
 58742 | Depths:3 | Gained mutation: You are somewhat resistant to further
                  | mutation. [Jiyva's grace]
 58803 | Depths:3 | Found the +3 salamander hide armour {Flames rF++ rC--}
 58889 | Depths:3 | Reached skill level 15 in Short Blades
 58889 | Depths:3 | Reached skill level 15 in Long Blades
 58889 | Depths:3 | Reached skill level 15 in Maces & Flails
 58889 | Depths:3 | Reached skill level 15 in Polearms
 58889 | Depths:3 | Reached skill level 15 in Staves
 58889 | Depths:3 | Reached skill level 15 in Ranged Weapons
 58889 | Depths:3 | Reached skill level 15 in Armour
 58889 | Depths:3 | Reached skill level 15 in Dodging
 58889 | Depths:3 | Reached skill level 15 in Stealth
 58889 | Depths:3 | Reached skill level 15 in Shields
 58889 | Depths:3 | Reached skill level 15 in Unarmed Combat
 58889 | Depths:3 | Reached skill level 15 in Evocations
 58943 | Depths:3 | Identified the amulet of Hupeshow {Faith Str+3}
 59236 | Abyss:2  | Cast into level 2 of the Abyss (hell knight)
 59259 | Abyss:2  | Found a corrupted altar of Lugonu.
 59272 | Depths:3 | Escaped the Abyss
 59692 | Depths:3 | Noticed a golden dragon
 59713 | Depths:3 | Killed a golden dragon
 59714 | Depths:3 | Reached XP level 22. HP: 179/179 MP: 41/41
 60153 | Depths:3 | Found Wezok's Book Emporium.
 60154 | Depths:3 | Found Rycutiq's Jewellery Shop.
 60155 | Depths:3 | Found Ujub's Book Emporium.
 60239 | Depths:3 | Found a glowing silver altar of Zin.
 60307 | Depths:3 | Identified the +1 ring mail of Meaz {rF+ rN+ Str+4 Stlth+}
 60369 | Depths:4 | Entered Level 4 of the Depths
 60796 | Depths:4 | Found a one-way gateway to a ziggurat.
 61172 | Depths:4 | Reached skill level 21 in Throwing
 61381 | Depths:4 | Noticed a golden dragon
 61395 | Depths:4 | Killed a golden dragon
 61431 | Depths:4 | Found a gate to the Realm of Zot.
 61748 | Vaults:1 | Entered Level 1 of the Vaults
 61969 | Vaults:1 | Lost mutation: You are partially covered in iridescent
                  | scales. (AC +2) [Jiyva's grace]
 61969 | Vaults:1 | Lost mutation: Your transparent skin significantly reduces
                  | your foes' accuracy. (Stealth+) [Jiyva's grace]
 61969 | Vaults:1 | Gained mutation: You have sharp fingernails. [Jiyva's
                  | grace]
 61969 | Vaults:1 | Gained mutation: You have very sharp fingernails. [Jiyva's
                  | grace]
 61969 | Vaults:1 | Gained mutation: You have claws for hands. [Jiyva's grace]
 61969 | Vaults:1 | Gained mutation: Your body has grown eyes which may confuse
                  | attackers. (Acc +3) [Jiyva's grace]
 62655 | Vaults:1 | Noticed Zenata
 62872 | Vaults:1 | Found a transporter.
 62872 | Vaults:1 | Noticed casual's ghost (veteran MiMo)
 62884 | Vaults:1 | Found a transporter.
 63714 | Vaults:1 | Found a transporter.
 63725 | Vaults:1 | Found a transporter.
 64106 | Vaults:1 | HP: 5/181 [+3 long sword of freezing[Zenata] (11)]
 64117 | Vaults:1 | Killed from afar by Zenata

Illustrated notes

Levels and vault maps discovered:
D:1:      dpeg_arrival_subterranean_lakeside_camping, layout_loops_cross,
          shapermc_ecumenical_altar_starsandcircs, item_on_display_a
D:2:      layout_basic, basic_altar, serial_park_tiny_pond,
          minmay_tree_intersection, hangedman_decor_growths
D:3:      corexii_shack_village, layout_loops_corners, uniq_terence
D:4:      layout_basic, nicolae_titane
D:5:      layout_gridville, grunt_temple_overflow_open, enter_ossuary_3,
          minmay_manual_mares, uniq_prince_ribbit1
D:6:      layout_basic, old_standard_altar, kennysheep_decorative_pillar,
          nicolae_elevator_lobby_asterisk, uniq_edmund, uniq_grinder,
          uniq_menkaure
D:7:      layout_basic, minmay_temple_entry_offerings, uniq_joseph
D:8:      layout_rooms, lightli_minifort
D:9:      layout_long_grid, uniq_pikel
D:10:     layout_long_grid, okawaru_gym_becter, marbit_many_paths,
          dpeg_oklobed_lair, zombieorc2_lemuel
D:11:     layout_cave_pods, uniq_fannar
D:12:     layout_layer_cave, nicolae_evil_shop
D:13:     kennysheep_blocky_hall, layout_loops_cross,
          skrybe_vaults_entry_preservation
D:14:     layout_rooms, lemuel_coloured_pillars_altar,
          portal_ice_cave_entry_pillars_2, minmay_lindwurm_lava, uniq_josephine
D:15:     grunt_enter_depths_magical_seal, layout_irregular_city, serial_ice,
          serial_ice_j, serial_ice_b, serial_ice_n, serial_ice_h, serial_ice_g,
          serial_ice_a, serial_ice_c, serial_ice_m, serial_ice_e, serial_ice_f,
          amcnicky_mini_rare_corridor_liquid, nicolae_shop_clearance
Temple:   eino_temple_lava
Lair:1:   layout_regular_city, beast_lair_carwin_9
Lair:2:   beast_lair_carwin_large_1, layout_cave_pods,
          minmay_snake_entry_guardpost_small, nicolae_lair_grove_arrangements
Lair:3:   layout_loops_ring, minmay_shoals_entry_beasts,
          nicolae_volcano_entry_batcave, gauntlet_entry_generic
Lair:4:   layout_cave_pods, lemuel_fruit_fields, grunt_megastairs_5
Lair:5:   evilmike_catoblepas_cave, layout_regular_city, slime_entry_1,
          st_stairs_5
Shoals:1: layout_shoals, uniq_jorgrun
Shoals:2: layout_shoals, ebering_ghost_gozag
Shoals:3: layout_shoals, ebering_ghost_inner_flame
Shoals:4: shoals_end_hellmonk_storm_palace [storm_palace_center_circular,
          storm_palace_corner_reverse_hut, storm_palace_corner_narrow,
          storm_palace_corner_pillars, storm_palace_corner_grid]
Snake:1:  layout_misc_corridors, basic_altar, lightli_airlock
Snake:2:  layout_rooms, uniq_donald
Snake:3:  onia_ninara_swampy_vault, layout_concentric_octagons, serial_shops,
          shop
Snake:4:  snake_pit_salamanders_mu, layout_onion
Slime:1:  layout_caves
Slime:2:  layout_caves
Slime:3:  layout_caves
Slime:4:  layout_caves
Slime:5
Orc:1:    layout_caves, special_room [special_room_orc]
Orc:2:    pf_orc_diabolical, layout_caves
Elf:1:    eino_elf_arrival_customs, layout_loops_cross, serial_shops,
          bzr_entry_dummy, gammafunk_ghost_berserking_beasts, dk_noncrumbling_4,
          nicolae_shop_firing_range, uniq_roxanne
Elf:2:    nicolae_elf_blades_splatter_lattice [mumra_blade_entry_bloodbath],
          layout_loops_corners, grunt_megastairs_2
Vaults:1: gammafunk_ghost_arena, hangedman_vaults_corner, vaults_dpeg_diagonal,
          ontoclasm_vaults_ring_large, v_misc_27, v_rooms_1, v_misc_27,
          ontoclasm_vaults_pinch, nicolae_vaults_shelves_hall,
          ontoclasm_vaults_loading_screen, hangedman_vaults_snaps,
          vaults_room_door_ring, vaults_room_ringed_pool,
          vaults_standard_mumra_enter_the_diamond, nicolae_vaults_asterisk,
          nicolae_vaults_diagonal_hallway_7, layout_vaults_ring, uniq_zenata
Depths:1: layout_roguey, abyss_entry_glasseish, hell_entry,
          nicolae_ru_sacrificial_ziggurat, grunt_megastairs_3, minmay_shoptagon,
          uniq_aizul
Depths:2: box_level_dp, hell_entry, pan_entry, serial_shops
Depths:3: minmay_the_grid_3x3 [minmay_the_grid_outer_diamond,
          minmay_the_grid_paths, minmay_the_grid_embedded, minmay_the_grid_x,
          minmay_the_grid_square_x, minmay_the_grid_armoury,
          minmay_the_grid_expand, minmay_the_grid_small_cups,
          minmay_the_grid_prize_trominoes], layout_cave_shapes, zin_angel,
          hell_entry, abyss_entry, hellmonk_guarded_unrand_salamander,
          minmay_shop_grove
Depths:4: evilmike_zot_entry_gauntlet, layout_twisted_cross, enter_ziggurat_b,
          hellmouth_1, fountainhead, hangedman_decor_slide_cut, chequers_jeans

Skill      XL: |  1  2  3  4  5  6  7  8  9 10 11 12 13 14 15 16 17 18 19 20 21 22 |
---------------+-------------------------------------------------------------------+-----
Invocations    | 1 2 3 4 5 6 7 8 10 11 12 13 14 15 16 17 | 17.1
Short Blades   | 1 2 3 4 5 6 7 8 9 10 11 12 13 14 15 | 15.8
Long Blades    | 1 2 3 4 5 6 7 8 9 10 11 12 13 14 15 | 15.8
Maces & Flails | 1 2 3 4 5 6 7 8 9 10 11 12 13 14 15 | 15.8
Polearms       | 1 2 3 4 5 6 7 8 9 10 11 12 13 14 15 | 15.8
Staves         | 1 2 3 4 5 6 7 8 9 10 11 12 13 14 15 | 15.8
Ranged Weapons | 1 2 3 4 5 6 7 8 9 10 11 12 13 14 15 | 15.8
Throwing       | 1 2 3 4 6 7 9 10 12 13 14 15 16 17 18 19 20 21 | 21.4
Armour         | 1 2 3 4 5 6 7 8 9 10 11 12 13 14 15 | 15.8
Dodging        | 1 2 3 4 5 6 7 8 9 10 11 12 13 14 15 | 15.8
Stealth        | 1 2 3 4 5 6 7 8 9 10 11 12 13 14 15 | 15.8
Shields        | 1 2 3 4 5 6 7 8 9 10 11 12 13 14 15 | 15.8
Unarmed Combat | 1 2 3 4 5 6 7 8 9 10 11 12 13 14 15 | 15.8
Evocations     | 1 2 3 4 5 6 7 8 9 10 11 12 13 14 15 | 15.8
Spellcasting   | 3 4 5 6 7 8 9 10 11 12 13 14 15 16 | 16.0
Conjurations   | 1 2 3 4 5 6 7 8 9 10 11 12 13 | 13.4
Hexes          | 1 2 3 4 5 6 7 8 9 10 11 12 13 | 13.4
Summonings     | 1 2 3 4 5 6 7 8 9 10 11 12 13 | 13.4
Necromancy     | 1 2 3 4 5 6 7 8 9 10 11 12 13 | 13.4
Translocations | 1 2 3 4 5 6 7 8 9 10 11 12 13 | 13.4
Transmutations | 1 2 3 4 5 6 7 8 9 10 11 12 13 | 13.4
Ice Magic      | 1 2 3 4 5 6 7 8 9 10 11 12 13 | 13.4
Air Magic      | 1 2 3 4 5 6 7 8 9 10 11 12 13 | 13.4
Earth Magic    | 1 2 3 4 5 6 7 8 9 10 11 12 13 | 13.4
Poison Magic   | 1 2 3 4 5 6 7 8 9 10 11 12 13 | 13.4
Fighting       | 7 8 9 10 11 12 13 14 15 16 17 | 17.0
Axes           | 7 8 9 10 11 12 13 14 16 17 18 19 20 | 20.8
Fire Magic     | 6 7 8 9 10 11 12 13 14 | 14.4

Action                   |  1- 3 |  4- 6 |  7- 9 | 10-12 | 13-15 | 16-18 | 19-21 | 22-24 || total
-------------------------+-------+-------+-------+-------+-------+-------+-------+-------++-------
Melee: Hand axe          |   157 |    41 |       |       |       |       |       |       ||   198
       Bite              |     7 |       |    12 |    35 |   118 |   141 |   140 |    86 ||   539
       Falchion          |       |    23 |    75 |       |       |       |       |       ||    98
       War axe           |       |       |    61 |   236 |    44 |       |       |       ||   341
       Punch             |       |       |     3 |    20 |    48 |       |       |       ||    71
       Demon whip        |       |       |       |   101 |   759 |   715 |   708 |   378 ||  2661
       Broad axe         |       |       |       |       |    97 |   254 |     3 |       ||   354
       Headbutt          |       |       |       |       |       |    47 |   120 |       ||   167
Throw: Dart              |       |    25 |    16 |    54 |    84 |       |       |       ||   179
       Boomerang         |       |       |    90 |    90 |    75 |    36 |   255 |       ||   546
       Javelin           |       |       |       |       |     7 |       |     2 |       ||     9
       Throwing net      |       |       |       |       |       |     1 |       |       ||     1
 Cast: Scorch            |       |    53 |   117 |   223 |     1 |       |       |       ||   394
       Stone Arrow       |       |       |       |    87 |   411 |   630 |   327 |   101 ||  1556
       Blink             |       |       |       |     2 |     5 |    15 |     4 |     2 ||    28
       Tukima's Dance    |       |       |       |       |     6 |     8 |       |       ||    14
       Swiftness         |       |       |       |       |     5 |     9 |       |     1 ||    15
       Corpse Rot        |       |       |       |       |       |     3 |       |       ||     3
       Death Channel     |       |       |       |       |       |     2 |       |     1 ||     3
       Lesser Beckoning  |       |       |       |       |       |     3 |       |       ||     3
       Borgnjor's Vile C |       |       |       |       |       |    29 |   143 |    32 ||   204
       Freezing Cloud    |       |       |       |       |       |    29 |    88 |    24 ||   141
Invok: Fiery Armour      |       |       |     1 |     2 |     5 |       |       |       ||     8
       Foxfire Swarm     |       |       |       |     1 |     1 |       |       |       ||     2
       Rising Flame      |       |       |       |       |     1 |       |       |       ||     1
       Oozemancy         |       |       |       |       |       |     1 |     1 |     1 ||     3
Evoke: Wand              |       |       |     7 |    10 |    11 |    25 |       |       ||    53
       Tin of tremorston |       |       |       |       |     2 |       |       |       ||     2
       Condenser vane    |       |       |       |       |     1 |     1 |       |       ||     2
  Use: Scroll            |     1 |     5 |     9 |    14 |     4 |    16 |     3 |     3 ||    55
       Potion            |       |       |     1 |     7 |     5 |    10 |     2 |     2 ||    27
 Stab: Invisible         |       |       |       |    13 |    42 |    21 |    19 |     7 ||   102
       Distracted        |       |       |       |       |     1 |       |     3 |     1 ||     5
       Confused          |       |       |       |       |       |     2 |       |       ||     2
       Sleeping          |       |       |       |       |       |     8 |     2 |     4 ||    14
Armor: Robe              |    40 |     2 |       |       |       |       |       |       ||    42
       Leather armour    |       |    13 |       |       |       |       |       |       ||    13
       Scale mail        |       |       |    45 |       |       |       |       |       ||    45
       Skin              |       |       |    12 |     4 |       |       |       |       ||    16
       Ring mail         |       |       |    31 |   156 |   286 |   405 |   231 |    89 ||  1198
Dodge: Dodged            |    78 |    38 |    91 |   403 |   649 |   601 |   376 |   202 ||  2438
Block: Other             |       |       |     8 |   126 |   149 |       |       |       ||   283
       Reflection        |       |       |       |     8 |     6 |       |       |       ||    14
       Kite shield       |       |       |       |       |    33 |   603 |   298 |   180 ||  1114
